 Dungeon Crawl Stone Soup version 0.30.0-29-ga12c61a403 (webtiles) character file.

Game seed: 14532019054584146636

942 DemonSlayer the Magician (level 7, -2/41 (46) HPs)
             Began as a Demonspawn Earth Elementalist on June 15, 2023.
             Was a Follower of Dithmenos.
             Slain by a wight
             ... wielding a +3 war axe
              (9 damage)
             ... on level 5 of the Dungeon.
             The game lasted 00:10:16 (5000 turns).

DemonSlayer the Magician (DsEE)                     Turns: 5000, Time: 00:10:17

HP:   -2/41 (46)    AC:  7    Str:  8    XL:     7   Next: 88%
MP:   13/16         EV: 12    Int: 17    God:    Dithmenos [*.....]
Gold: 327           SH:  4    Dex: 15    Spells: 8/18 levels left

rFire   . . .        d - +0 dagger
rCold   + . .        (no shield)
rNeg    . . .        a - +0 robe
rPois   .            (helmet restricted)
rElec   .            c - +2 cloak
rCorr   .            (no gloves)
SInv    .            (no boots)
Will    .....        (no amulet)
Stlth   ++           h - ring of flight
HPRegen 0.26/turn    t - ring of protection from cold
MPRegen 0.15/turn

%: no passive effects
@: flying, wreathed by umbra, heavily drained
A: antennae 1, slimy green scales 1, spiny 1, condensation shield
a: Renounce Religion


You were on level 5 of the Dungeon.
You worshipped Dithmenos.
Dithmenos was aware of your devotion.
You visited 2 branches of the dungeon, and saw 6 of its levels.

You collected 327 gold pieces.

Inventory:

Hand Weapons
 d - a +0 dagger (weapon)
Missiles
 w - 2 throwing nets
Armour
 a - a +0 robe (worn)
 c - a +2 cloak (worn)
Jewellery
 h - a ring of flight (left hand)
 t - a ring of protection from cold (right hand)
 u - a ring of wizardry
Scrolls
 b - a scroll of poison {unknown}
 f - a scroll of silence {unknown}
 i - 4 scrolls of teleportation {unknown}
 j - a scroll of brand weapon {unknown}
 k - 2 scrolls of enchant weapon {unknown}
 l - a scroll of noise {unknown}
 m - a scroll of torment {unknown}
 r - 2 scrolls of vulnerability
 v - a scroll of identify
Potions
 g - a potion of curing
 n - a potion of might {unknown}
 o - 3 potions of flight {unknown}
 p - 2 potions of magic
 q - 3 potions of attraction {unknown}
 s - a potion of cancellation {unknown}


   Skills:
 + Level 0.1 Fighting
 + Level 0.4 Short Blades
 + Level 2.6 Dodging
 + Level 2.3 Stealth
 + Level 0.4 Shields
 + Level 6.2 Spellcasting
 + Level 0.8 Transmutations
 + Level 5.6 Earth Magic


You had 8 spell levels left.
You knew the following spells:

 Your Spells              Type           Power      Damage    Failure   Level
a - Sandblast             Erth           48%        2d12      1%          1
b - Passwall              Tmut/Erth      13%        N/A       4%          2
c - Stone Arrow           Conj/Erth      28%        3d8       12%         3
d - Petrify               Tmut/Erth      16%        N/A       32%         4

Your spell library contained the following spells:

 Spells                   Type           Power      Damage    Failure   Level
 Iskenderun's Battlesphe  Conj           5%         2d6       98%         5
 Iron Shot                Conj/Erth      7%         9d2       99%         6
 Spellforged Servitor     Conj/Summ      2%         N/A       100%        7


Dungeon Overview and Level Annotations

Branches:
Dungeon (5/15)             Temple (1/1) D:4

Altars:
Ashenzari
Cheibriados
Dithmenos
Fedhas
Hepliaklqana
Kikubaaqudgha
Makhleb
Okawaru
Qazlal
Ru
Sif Muna
Trog
Uskayaw
Vehumet
Wu Jian
Xom
Yredelemnul


Innate Abilities, Weirdness & Mutations

You have a pair of small antennae on your head.
You are partially covered in slimy green scales. (AC +2)
You are partially covered in sharp spines.
A meltable shield of frost defends you. (SH +4)


Message History

The blast of sand hits the wight.
The wight is moderately damaged.
The blast of sand hits the wight!
The wight is severely damaged.
The wight barely misses you.
The blast of sand hits the wight!
You destroy the wight!
Dithmenos accepts your kill.
You can't see any susceptible monsters within range! (Use Z to cast anyway.)
You can't see any susceptible monsters within range! (Use Z to cast anyway.)
Items here: ))) [ †.
r - 2 scrolls of vulnerability (gained 1)
A wight is nearby!
A wight is nearby!
A wight is nearby! 2 wights come into view.
A wight is wielding a +4 battleaxe of freezing.
You start waiting.
A wight is nearby!
The blast of sand hits the wight but does no damage.
The blast of sand hits the wight.
The wight is lightly damaged.
The blast of sand hits the wight.
The wight is lightly damaged.
The wight is struck by your spines. The wight completely misses you.
The wight is struck by your spines. The wight misses you.
The blast of sand hits the wight!
The wight is severely damaged.
The wight hits you with a +3 war axe!
You feel drained.
The wight hits you with a +4 battleaxe of freezing!
You feel drained. The wight freezes you. The wight is struck by your spines.
The wight hits you with a +3 war axe!
* * * LOW HITPOINT WARNING * * *
You feel drained.
* * * LOW HITPOINT WARNING * * *
The wight barely misses you. The wight barely misses you.
There is a stone staircase leading up here.
The wight hits you with a +3 war axe!
You die...

##..###......
##...####.....
#......###.... ####
#.........#.## ####..#
##.###......## #...#.##
#.# ###>...## #####..#
#.# ##...#.
#..#######.# ##..#.
#..#.@zz#..# ###...
#.##..z.z..## ##.....
##.##.#####..####.....#
##..#..# ##...#..#...#
#......# ##....##...#
###...## ##z.####..#
#...# #.## #.)# ##..###
###.## #..#
#.....#####....####..#


You could see 4 wights.

Vanquished Creatures
  A black bear (D:4)
  A centaur (D:5)
  A phantom (D:4)
  A scorpion (D:5)
  A wight (D:5)
  A howler monkey (D:5)
  A hound (D:5)
  A jelly (D:5)
  An orc priest (D:5)
  2 gnoll boudas
  2 iguanas (D:5)
  3 sleepcaps
  Natasha (thrice) (D:3)
  7 gnolls
  2 adders
  A worm (D:4)
  5 dart slugs
  9 orcs
  6 ball pythons
  5 bats
  6 endoplasms
  3 giant cockroaches (D:1)
  11 goblins
  7 hobgoblins
  4 jackals (D:1)
  3 quokkas (D:1)
  2 frilled lizards
  6 kobolds
  8 rats
104 creatures vanquished.

Notes
Turn   | Place    | Note
-------+----------+-------------------------------------------
     0 | D:1      | DemonSlayer the Demonspawn Earth Elementalist began the
                  | quest for the Orb.
     0 | D:1      | Reached XP level 1. HP: 13/13 MP: 3/3
    96 | D:1      | Gained mutation: A meltable shield of frost defends you.
                  | (SH +4) [demonic ancestry]
    96 | D:1      | Reached XP level 2. HP: 15/19 MP: 0/5
   316 | D:1      | Found a faded altar of an unknown god.
   637 | D:1      | Gained mutation: You are partially covered in slimy green
                  | scales. (AC +2) [demonic ancestry]
   637 | D:1      | Reached XP level 3. HP: 24/24 MP: 5/7
  1063 | D:2      | Learned a level 2 spell: Passwall
  1067 | D:2      | Learned a level 3 spell: Stone Arrow
  1953 | D:3      | Reached skill level 3 in Spellcasting
  2133 | D:3      | Noticed Natasha
  2145 | D:3      | Killed Natasha
  2146 | D:3      | Reached XP level 4. HP: 20/30 MP: 0/9
  2459 | D:3      | Found a blossoming altar of Fedhas.
  2482 | D:3      | Noticed Natasha
  2487 | D:3      | Killed Natasha
  2702 | D:3      | Noticed Natasha
  2710 | D:3      | Killed Natasha
  2711 | D:3      | Reached XP level 5. HP: 35/35 MP: 5/10
  2767 | D:3      | Learned a level 4 spell: Petrify
  2904 | D:4      | Found a staircase to the Ecumenical Temple.
  2924 | D:4      | Noticed a black bear
  2937 | Temple   | Entered the Ecumenical Temple
  3008 | Temple   | Became a worshipper of Dithmenos the Shadowed
  3080 | D:4      | Noticed a phantom
  3213 | D:4      | Killed a phantom
  3214 | D:4      | Reached skill level 4 in Spellcasting
  3332 | D:4      | Killed a black bear
  3333 | D:4      | Gained mutation: You have a pair of small antennae on your
                  | head. [demonic ancestry]
  3333 | D:4      | Reached XP level 6. HP: 41/41 MP: 4/12
  3714 | D:4      | Reached skill level 5 in Spellcasting
  4072 | D:5      | Entered Level 5 of the Dungeon
  4197 | D:5      | Reached * piety under Dithmenos
  4233 | D:5      | Gained mutation: You are partially covered in sharp spines.
                  | [demonic ancestry]
  4233 | D:5      | Reached XP level 7. HP: 46/46 MP: 10/15
  4435 | D:5      | Reached skill level 6 in Spellcasting
  4435 | D:5      | Reached skill level 5 in Earth Magic
  5000 | D:5      | Slain by a wight

Illustrated notes

Levels and vault maps discovered:
D:1:      ncdulo_halloftheorcs, layout_basic,
          chequers_ecumenical_altar_simple_redux
D:2:      layout_loops_cross
D:3:      minmay_recursive_quarters, layout_rooms, mainiacjoe_overflow_alcove_2,
          amcnicky_altar_gilded, chequers_serial_rivers_micro_e, uniq_natasha
D:4:      layout_basic, minmay_temple_entry_junction, serial_rivers,
          chequers_serial_rivers_small_b, chequers_serial_rivers_room_b,
          chequers_serial_rivers_small_3, chequers_serial_rivers_micro_d,
          chequers_serial_rivers_small_3, chequers_serial_rivers_small_b,
          uniq_blork_the_orc
D:5:      layout_layer_cave, serial_glass, glass_columns_a, glass_columns_b,
          amethyst_killhole
Temple:   hc_temple_tempest_star

Skill      XL: |  1  2  3  4  5  6  7 |
---------------+----------------------+-----
Earth Magic    | 3 4 5 |  5.6
Spellcasting   | 3 4 5 6 |  6.2
Dodging        | 2 |  2.6
Stealth        | 2 |  2.3
Fighting       | |  0.1
Short Blades   | |  0.4
Shields        | |  0.4
Transmutations | |  0.8

Action                     |  1- 3 |  4- 6 |  7- 9 || total
---------------------------+-------+-------+-------++-------
  Melee: Unarmed           |     2 |       |       ||     2
         Dagger            |    21 |    15 |       ||    36
   Cast: Sandblast         |    60 |    84 |    47 ||   191
    Use: Potion            |     1 |       |     1 ||     2
         Scroll            |     3 |       |       ||     3
   Stab: Sleeping          |    11 |       |       ||    11
 Armour: Robe              |    23 |    17 |     7 ||    47
  Dodge: Dodged            |    39 |    27 |    28 ||    94
  Block: Other             |    12 |    12 |     4 ||    28
